 Dungeon Crawl Stone Soup version 0.23.2-40-g277498a001 (webtiles) character file.

Game seed: 9424746267648920773

307 FishyPogo the Charmwright (level 6, 0/78 HPs)
             Began as a Draconian Skald on Aug 17, 2019.
             Slain by an orc priest
             ... wielding a +0 short sword
              (3 damage)
             ... on level 4 of the Dungeon.
             The game lasted 00:14:58 (3201 turns).

FishyPogo the Charmwright (Draconian Skald)         Turns: 3201, Time: 00:15:01

Health: 0/78       AC:  7    Str: 18    XL:     6   Next: 16%
Magic:  10/10      EV: 13    Int: 14    God:
Gold:   124        SH:  0    Dex: 12    Spells: 1/10 levels left

rFire    . . .     SeeInvis +   k - +4 mace (holy)
rCold    . . .     Gourm    .   (no shield)
rNeg     . . .     Faith    .   (armour unavailable)
rPois    .         Spirit   .   (helmet restricted)
rElec    .         Reflect  .   (no cloak)
rCorr    .         Harm     .   o - +0 pair of gloves
MR       .....                  (no boots)
Stlth    ..........             (no amulet)
HPRegen  0.23/turn              p - ring of see invisible
MPRegen  0.12/turn              i - ring of stealth

@: berserking, very quick
A: unfitting armour, cold-blooded, AC +6
a: no special abilities


You were on level 4 of the Dungeon.
You were not hungry.

You visited 1 branch of the dungeon, and saw 4 of its levels.

You collected 124 gold pieces.

Inventory:

Hand Weapons
 a - a +0 falchion
 k - a +4 mace of holy wrath (weapon)
Missiles
 e - a throwing net
 q - 155 stones (quivered)
Armour
 o - a +0 pair of gloves (worn)
Jewellery
 d - an uncursed ring of protection from cold
 i - a ring of stealth (right hand)
 p - a ring of see invisible (left hand)
Scrolls
 b - a scroll of noise {unknown}
 g - 4 scrolls of remove curse {unknown}
 h - a scroll of amnesia {unknown}
 j - 6 scrolls of identify {unknown}
 l - a scroll of enchant weapon {unknown}
 n - a scroll of random uselessness {unknown}
 r - 2 scrolls of fog {unknown}
 s - a scroll of teleportation {unknown}
Potions
 m - a potion of lignification
Comestibles
 c - 3 rations
 t - a chunk of flesh


   Skills:
 * Level 3.9 Fighting
 - Level 2.9 Long Blades
 + Level 0.2 Maces & Flails
 * Level 3.4 Dodging
 + Level 2.7 Spellcasting
 * Level 3.9 Charms


You had one spell level left.
You knew the following spells:

 Your Spells              Type           Power        Failure   Level  Hunger
d - Infusion              Chrm           ##..         4%          1    #......
e - Song of Slaying       Chrm           ##......     6%          2    ###....
f - Spectral Weapon       Hex/Chrm       #.......     28%         3    ###....
g - Regeneration          Chrm/Necr      #.........   28%         3    ###....

Your spell library contained the following spells:

 Spells                   Type           Power        Failure   Level  Hunger
 Shroud of Golubria       Chrm/Tloc      #.........   14%         2    ###....


Dungeon Overview and Level Annotations

Branches:
Dungeon (4/15)
 Temple: D:4-7

Altars:

Shops:
D:4 (


Innate Abilities, Weirdness & Mutations

Your plain brown scales are hard. (AC +6)
You cannot fit into any form of body armour.
You are cold-blooded and may be slowed by cold attacks.


Message History

Beogh smites you!
You hear a shout! x2
You hit the orc wizard.
You kill the orc wizard!
An orc comes into view. It is wielding a +0 flail.
The orc priest hits you with a +0 short sword.
You hit the orc priest.
The orc priest is moderately wounded.
The orc priest mumbles some strange prayers to Beogh against you.
Pain shoots through your body!
The orc priest mumbles some strange prayers to Beogh against you.
Beogh smites you!
* * * LOW HITPOINT WARNING * * *
A red film seems to cover your vision as you go berserk!
You feel yourself moving faster!
You feel mighty!
The orc priest invokes the aid of Beogh against you.
Pain shoots through your body!
* * * LOW HITPOINT WARNING * * *
The orc priest hits you with a +0 short sword.
You die...

#..#.###.......######..#.#..
#..##.###..........##..#.#..
........#.#...#...............
..............###............#
#....?..#..##..##............#
#....####.# #.........[.......
##..o.###.# ###..............#
##..o.o<. ##...............#
.. #.... ##@.)............##
..#..ยง.##oo...........O....
.....(..oo.#...........##..
#........###..........###..
#.........##..##.>.........
#.......#.#...####.........
###.#####.#.... #..S...... ##
.. ...# #......... ...
.........#


You could see 2 orc priests and 2 orcs.

Vanquished Creatures
  An orc priest (D:3)
  Terence (D:2)
  2 orc wizards
  2 worker ants
  A gnoll (D:1)
  6 adders
  A shadow imp (D:3)
  2 oozes
  A worm (D:3)
  2 dart slugs
  4 leopard geckos
  4 orcs (D:3)
  A ball python (D:2)
  2 giant cockroaches (D:1)
  3 hobgoblins
  3 jackals (D:1)
  6 kobolds
  3 quokkas (D:3)
  7 bats
  4 frilled lizards
  8 goblins
  8 rats
72 creatures vanquished.

Notes
Turn   | Place    | Note
-------+----------+-------------------------------------------
     0 | D:1      | FishyPogo the Draconian Skald began the quest for the Orb.
     0 | D:1      | Reached XP level 1. HP: 17/17 MP: 3/3
   176 | D:1      | Reached XP level 2. HP: 24/25 MP: 5/5
   205 | D:1      | Learned a level 2 spell: Song of Slaying
   515 | D:1      | Reached XP level 3. HP: 25/30 MP: 3/6
   692 | D:2      | Noticed Terence
  1082 | D:2      | Killed Terence
  1082 | D:2      | Reached XP level 4. HP: 5/37 MP: 1/7
  1607 | D:3      | Reached XP level 5. HP: 18/45 MP: 0/8
  2069 | D:3      | Learned a level 3 spell: Spectral Weapon
  2073 | D:3      | Learned a level 3 spell: Regeneration
  3018 | D:4      | Found Uhaim's Antique Weapon Emporium.
  3032 | D:4      | Noticed an ogre
  3127 | D:4      | Reached XP level 6. HP: 41/52 MP: 10/10
  3201 | D:4      | HP: 3/78 [orc priest/nerve-wracking pain (14)]
  3201 | D:4      | Slain by an orc priest

Skill      XL: |  1  2  3  4 |
---------------+-------------+-----
Charms         | 3 |  3.9
Fighting       | 3 |  3.9
Dodging        | 3 |  3.4
Long Blades    | |  2.9
Maces & Flails | |  0.2
Spellcasting   | |  2.7

Action                   |  1- 3 |  4- 6 || total
-------------------------+-------+-------++-------
Melee: Falchion          |    72 |   128 ||   200
       Tailslap          |     8 |    23 ||    31
       Mace              |       |    12 ||    12
Throw: Stone             |       |     1 ||     1
 Cast: Infusion          |     3 |     8 ||    11
       Song of Slaying   |     2 |     1 ||     3
       Spectral Weapon   |       |     1 ||     1
  Use: Potion            |     1 |     2 ||     3
 Stab: Sleeping          |       |    10 ||    10
       Distracted        |       |     1 ||     1
  Eat: Chunk             |     1 |     7 ||     8
Armor: Skin              |    37 |    46 ||    83
Dodge: Dodged            |    54 |    85 ||   139
       Rpst.: Falchion   |    22 |    26 ||    48
